 Dungeon Crawl Stone Soup version 0.32-a0-876-gcfddb08e57 (webtiles) character file.

Game seed: 7889241725556448085

478 pokedragonboy the Charlatan (level 7, -5/54 HPs)
             Began as a Coglin Artificer on Apr 2, 2024.
             Slain by a sky beast (6 damage)
             ... on level 5 of the Dungeon.
             The game lasted 00:10:58 (3184 turns).

pokedragonboy the Charlatan (Coglin Artificer)      Turns: 3184, Time: 00:10:58

Health: -5/54      AC:  2    Str: 14    XL:     7   Next: 11%
Magic:  7/7        EV:  6    Int: 11    God:
Gold:   121        SH:  0    Dex: 14    Spells: 6/6 levels left

rFire   . . .        q - +0 war axe {Vikramjeet}
rCold   . . .        z - +0 broad axe {Tiberius}
rNeg    . . .        o - +0 chain mail
rPois   .            (no helmet)
rElec   .            (no cloak)
rCorr   .            j - +0 pair of gloves
SInv    .            (no boots)
Will    .....        (amulet unavailable) Stlth
                     (ring unavailable)
HPRegen 0.29/turn    (ring unavailable)
MPRegen 0.10/turn    (no gizmo)

%: no passive effects
@: corroded, hasted, revving, very quick
A: off-hand wielding, slow wielding, warmup strikes, no jewellery
a: Invent Gizmo


You were on level 5 of the Dungeon.
You visited 1 branch of the dungeon, and saw 5 of its levels.

You collected 166 gold pieces.
You spent 45 gold pieces at shops.

Inventory:

Hand Weapons
 q - a +0 war axe (weapon) {Vikramjeet}
 s - a +3 mace
 w - a +2 dagger of pain
 z - a +0 broad axe (offhand) {Tiberius}
Missiles
 n - a throwing net
Armour
 j - a +0 pair of gloves (worn)
 o - a +0 chain mail (worn)
 v - a +0 helmet
Wands
 c - a wand of flame (10) (quivered)
 d - a wand of charming (15)
 e - a wand of iceblast (4)
 y - a wand of acid (3)
Scrolls
 a - a scroll of amnesia {unknown}
 b - a scroll of blinking {unknown}
 h - 2 scrolls of revelation {unknown}
 i - a scroll of vulnerability {unknown}
 k - 3 scrolls of immolation
 m - 2 scrolls of identify
 u - a scroll of teleportation {unknown}
Potions
 g - a potion of curing {unknown}
 l - 3 potions of brilliance
 p - a potion of ambrosia
 r - a potion of lignification {unknown}
 t - a potion of haste
 x - a potion of mutation


   Skills:
 * Level 4.0 Fighting
 * Level 3.9 Axes
 + Level 3.1 Armour
 - Level 1.2 Dodging
 - Level 0.7 Stealth
 + Level 5.4 Evocations


You had 6 spell levels left.
You didn't know any spells.
Your spell library contained the following spells:

 Spells                   Type           Power      Damage    Failure   Level
 Fugue of the Fallen      Necr           0%         N/A       100%        3
 Inner Flame              Hex/Fire       0%         N/A       100%        3
 Ozocubu's Armour         Ice            0%         N/A       100%        3
 Flame Wave               Conj/Fire      0%         2d4       100%        4
 Sticky Flame             Fire/Alch      0%         2d4       100%        4
 Manifold Assault         Tloc           0%         N/A       100%        7


Dungeon Overview and Level Annotations

Branches:
Dungeon (5/15)
 Temple: D:4-7

Altars:
Dithmenos
Trog
Xom
The Shining One

Shops:
D:2 [![

Annotations:
D:1 1 runed translucent door


Innate Abilities, Weirdness & Mutations

You can wield a second weapon in your off-hand.
It takes a long time for you to wield or remove held weapons.
Your first few attacks do less damage.
You cannot equip rings or amulets.


Message History

The jelly quivers.
The sky beast flickers out of sight!
Deactivating autopickup; reactivate with Ctrl-A.
You see here an orange potion.
Found 10 gold pieces.
The jelly hits you but does no damage. Something hits you.
Something shocks you.
You slash the jelly with your +0 war axe!
The acid corrodes you!
Your graspers burn!
The jelly is almost dead.
You slash something with your +0 war axe!
You barely miss the jelly with your +0 broad axe.
You hit something with your +0 broad axe.
The jelly hits you but does no damage. Something hits you but does no damage.
Unknown command.
You barely miss the jelly with your +0 war axe.
The jelly is almost dead.
You miss something with your +0 war axe.
You hit the jelly but do no damage. The acid corrodes you!
Your graspers burn!
You barely miss something with your +0 broad axe.
The jelly hits you.
You are splashed with acid!
Something hits you. Something shocks you.
The jelly hits you but does no damage. Something hits you but does no damage.
You hit the jelly but do no damage.
Your graspers burn!
The jelly is almost dead.
You miss something with your +0 broad axe.
You hit the jelly but do no damage.
Your graspers burn!
* * * LOW HITPOINT WARNING * * *
You barely miss something with your +0 war axe.
The jelly hits you.
* * * LOW HITPOINT WARNING * * *
You are splashed with acid!
* * * LOW HITPOINT WARNING * * *
Something hits you but does no damage.
Unknown command.
Okay, then.
It was a potion of haste.
You feel yourself speed up. The jelly hits you but does no damage.
Something hits you.
* * * LOW HITPOINT WARNING * * *
Something shocks you.
You die...

.##.......##.....##..
....#.#.#...........# #.
#.#.#...#.#.#...#.#.#...
#...........#.#.#.......
##.....##.......##....
............#.........
.#.###.#....#....#.### .
........#.!.......
..##.....@.##....
......#.#{#J...... ..
.#.#...#.#.#$..
#...........# .
##.....##.. ...... ...
..#.### ..# .... ..#


You could see a jelly.

Vanquished Creatures
  An ogre (D:5)
  2 phantoms
  A scorpion (D:4)
  2 hounds (D:4)
  An orc priest (D:3)
  3 adders
  2 ribbon worms (D:2)
  4 orcs
  5 ball pythons
  4 bats
  4 endoplasms
  A giant cockroach (D:1)
  7 goblins
  4 hobgoblins
  5 jackals
  6 quokkas
  8 kobolds
  2 rats
62 creatures vanquished.

Notes
Turn   | Place    | Note
-------+----------+-------------------------------------------
     0 | D:1      | pokedragonboy the Coglin Artificer began the quest for the
                  | Orb.
     0 | D:1      | Reached XP level 1. HP: 15/15 MP: 1/1
     1 | D:1      | Found a runed translucent door.
   108 | D:1      | Reached skill level 1 in Dodging
   155 | D:1      | Reached XP level 2. HP: 13/21 MP: 2/2
   287 | D:1      | Found a faded altar of an unknown god.
   328 | D:1      | Reached skill level 1 in Axes
   718 | D:2      | Reached XP level 3. HP: 19/26 MP: 3/3
   720 | D:2      | Found Hich's Armour Shoppe.
   758 | D:2      | Bought a +0 chain mail for 45 gold pieces
   812 | D:2      | Found a shimmering altar of Xom.
   843 | D:2      | Found Qoefan's Distillery.
  1107 | D:2      | Found Kyerygic's Antique Armour Boutique.
  1113 | D:2      | Reached XP level 4. HP: 31/33 MP: 4/4
  2040 | D:3      | Found a bloodstained altar of Trog.
  2071 | D:3      | Found a glowing golden altar of the Shining One.
  2147 | D:4      | Reached XP level 5. HP: 36/39 MP: 5/5
  2356 | D:4      | Noticed a phantom
  2362 | D:4      | Killed a phantom
  2363 | D:4      | Reached skill level 5 in Evocations
  2363 | D:4      | Reached XP level 6. HP: 47/47 MP: 6/6
  2672 | D:4      | Found a shadowy altar of Dithmenos.
  2972 | D:5      | Entered Level 5 of the Dungeon
  2982 | D:5      | Reached XP level 7. HP: 7/54 MP: 7/7
  3184 | D:5      | HP: 1/54 [something (5)]
  3184 | D:5      | Slain by a sky beast

Illustrated notes

Levels and vault maps discovered:
D:1:      dpeg_arrival_caged_fury, layout_basic,
          hellmonk_ecumenical_altar_slurped_away
D:2:      layout_loops_cross, serial_shops, nicolae_shop_overgrown_old_shop,
          nicolae_shop_tiny_waterfront, shop, basic_altar,
          kennysheep_generic_room_4
D:3:      layout_loops_ring, minitemple
D:4:      layout_basic, lemuel_doored_altar, minmay_misc_feat_cross,
          minmay_misc_feat_alley
D:5:      nicolae_cairo_tiling_large_dashed, layout_gridville,
          pdpol_temple_overflow_zin_treasury_gozag_greed,
          nicolae_qazlal_beasts_of_the_sky, serial_shops, shop,
          portal_sewer_entry_a, st_stairs_9, kennysheep_generic_room_5

Skill      XL: |  1  2  3  4  5  6 |
---------------+-------------------+-----
Dodging        | 1 |  1.2
Axes           | 1 2 3 |  3.9
Armour         | 2 3 |  3.1
Fighting       | 2 3 4 |  4.0
Evocations     | 5 |  5.4
Stealth        | |  0.7

Action                     |  1- 3 |  4- 6 |  7- 9 || total
---------------------------+-------+-------+-------++-------
  Melee: Dagger            |   103 |    37 |       ||   140
         Club              |    82 |       |       ||    82
         War axe           |    16 |    53 |     6 ||    75
         Broad axe         |       |    11 |     6 ||    17
  Evoke: Wand              |     2 |     7 |       ||     9
    Use: Scroll            |       |     5 |       ||     5
         Potion            |       |       |     1 ||     1
   Stab: Sleeping          |     1 |       |       ||     1
 Armour: Leather armour    |    56 |       |       ||    56
         Chain mail        |    43 |    58 |    14 ||   115
  Dodge: Dodged            |    57 |    16 |       ||    73

Table legend: (Time is in decaauts)
 A = Elapsed time spent in this place.
 B = Non-inter-level travel time spent in this place.
 C = Inter-level travel time spent in this place.
 D = Time resting spent in this place.
 E = Time spent auto-exploring this place.
 F = Levels seen in this place.
 G = Mean time per level.
                   A        B        C        D        E       F      G
               +--------+--------+--------+--------+--------+-----+--------+
         Total |   3215 |   3155 |     60 |    248 |   2309 |   5 |  643.0 |
       Dungeon |   3215 |   3155 |     60 |    248 |   2309 |   5 |  643.0 |
               +--------+--------+--------+--------+--------+-----+--------+

Top non-repeatable levels by time:
     D:4: 887 daAuts
     D:2: 764 daAuts
     D:1: 717 daAuts
     D:3: 628 daAuts
     D:5: 216 daAuts
